 Dungeon Crawl Stone Soup version 0.19-a0-1049-g462a813 (webtiles) character file.

2834 mrath the Geomancer (level 9, -10/48 HPs)
             Began as a Gargoyle Earth Elementalist on July 31, 2016.
             Was a Believer of Vehumet.
             Mangled by a red ugly thing (12 damage)
             ... on level 6 of the Dungeon.
             The game lasted 00:47:52 (11664 turns).

mrath the Geomancer (Gargoyle Earth Elementalist)  Turns: 11664, Time: 00:47:53

Health: -10/48     AC: 16    Str: 12    XL:     9   Next: 73%
Magic:  5/21       EV:  7    Int: 19    God:    Vehumet [**....]
Gold:   245        SH:  0    Dex: 10    Spells: 6 memorised, 8 levels left

rFire  . . .     SeeInvis .     J - +6 dire flail (protect)
rCold  . . .     Gourm    .     c - +0 robe
rNeg   + . .     Faith    .     (shield currently unavailable)
rPois  ∞         Spirit   .     P - +0 helmet
rElec  +         Dismiss  .     g - +0 cloak
rCorr  .         Reflect  .     B - +0 pair of gloves
SustAt .         Harm     .     (no boots)
MR     .....                    (no amulet)
Stlth  ++........               (no ring)
                                (no ring)

@: not resistant to hostile enchantments, unstealthy
A: negative energy resistance 1, electricity resistance, unbreathing,
petrification resistance, rot immunity, AC +5
a: Renounce Religion


You were on level 6 of the Dungeon.
You worshipped Vehumet.
Vehumet was pleased with you.
You were hungry.

You visited 2 branches of the dungeon, and saw 7 of its levels.

You collected 245 gold pieces.

Inventory:

Hand Weapons
 h - a +0 whip
 E - a +0 morningstar
 F - a +0 flail
 I - a +0 short sword of speed
 J - a +6 dire flail of protection (weapon)
 L - a +3 quarterstaff of chaos
 M - a +0 flail
 Q - a +0 hand crossbow
 T - a +0 spear of venom
Missiles
 b - 206 stones
 N - 6 tomahawks of returning (quivered)
 R - 29 sling bullets
Armour
 c - a +0 robe (worn)
 g - a +0 cloak (worn)
 B - a +0 pair of gloves (worn)
 P - a +0 helmet (worn)
Jewellery
 O - a +1 ring of slaying {unknown}
Wands
 r - a wand of flame (25/48)
 v - a wand of confusion (16/48)
Scrolls
 a - a scroll of noise {unknown}
 l - 3 scrolls of magic mapping {unknown}
 m - 2 scrolls of amnesia {unknown}
 q - a scroll of teleportation {unknown}
 s - a scroll of fear {unknown}
 x - 5 scrolls of identify {unknown}
 y - a scroll of immolation {unknown}
 z - a scroll of random uselessness {unknown}
 A - 3 scrolls of remove curse {unknown}
 G - 2 scrolls of recharging {unknown}
 H - a scroll of blinking {unknown}
Potions
 f - a potion of invisibility {unknown}
 j - a potion of cure mutation {unknown}
 k - 3 potions of brilliance {unknown}
 o - 3 potions of flight {unknown}
 p - 2 potions of haste {unknown}
 t - 3 potions of degeneration {unknown}
 w - a potion of resistance {unknown}
 C - a potion of heal wounds
 D - 2 potions of curing {unknown}
 U - a potion of mutation {unknown}
 V - a potion of might {unknown}
Books
 e - a book of Geomancy

   Spells                             Type                      Level
   a - Sandblast                      Earth                        1
   b - Passwall                       Transmutation/Earth          2
   c - Stone Arrow                    Conjuration/Earth            3
   d - Petrify                        Transmutation/Earth          4
   e - Lee's Rapid Deconstruction     Earth                        5
Comestibles
 d - 4 bread rations
 i - a slice of pizza
 n - 5 meat rations
 u - a fruit
 K - a beef jerky


   Skills:
 + Level 2.2 Fighting
 - Level 1.5 Maces & Flails
 + Level 1.9 Armour
 + Level 2.5 Dodging
 - Level 2.1 Stealth
 * Level 8.2 Spellcasting
 + Level 5.9 Conjurations
 - Level 0.7 Transmutations
 + Level 0.6 Fire Magic
 + Level 8.3 Earth Magic
 + Level 1.6 Evocations


You had 8 spell levels left.
You knew the following spells:

 Your Spells              Type           Power        Failure   Level  Hunger
a - Sandblast             Erth           #####.       1%          1    None
b - Stone Arrow           Conj/Erth      #####.       1%          3    None
c - Petrify               Tmut/Erth      ####....     14%         4    ###....
d - Lee's Rapid Deconstr  Erth           #####.....   12%         5    #####..
e - Magic Dart            Conj           ####         1%          1    None
f - Throw Flame           Conj/Fire      ###...       4%          2    None


Dungeon Overview and Level Annotations

Branches:
Dungeon (6/15)             Temple (1/1) D:4

Altars:
Ashenzari
Hepliaklqana
Kikubaaqudgha
Ru
Vehumet
Xom


Innate Abilities, Weirdness & Mutations

You are resistant to torment.
Your stone body is resilient. (AC +5)
You are immune to poison.
You resist negative energy. (rN+)
You are resistant to electric shocks. (rElec)
You can survive without breathing.
You are immune to petrification.
You are immune to rotting.


Message History

Confirm with . or Enter, or press ? or * to list all spells.
You don't have enough magic to cast that spell.
Things that are here:
a leather armour; a club You see here a whip.
You see here a whip.
You start eating one of the 2 fruits.
The red ugly thing barely misses you.
You are feeling hungry.
Mmmm...
Yummy coconut.
The red ugly thing pecks you!
You are engulfed in flames!
There is a stone staircase leading down here.
You see here a spear.
A giant gecko comes into view.
The giant gecko hisses angrily.
The red ugly thing pecks you.
You are engulfed in flames!!
* * * LOW HITPOINT WARNING * * *
There is an escape hatch in the ceiling here.
The giant gecko bites you but does no damage. x2
The red ugly thing pecks you!
You die...

#.# #.# ##............###
#.#####'##### #..).........##.
#.##........# ##..####.....##.
#.##........####..####.....##.
#.##..........)..>.))[........
#.##.........#########.....###
#...................##.....###
#######.........u#####.##.....##.
#....##........l@# #.......###.
#.##.##........### #.......###.
#.##.##........# #...........
#.##.......##### #.......####
#.########.# #........... #.# #.#
#.......#### #.# #.# #.......#
#.# ###.### #.####### #.# #.....#
#.#


You could see a red ugly thing and a giant gecko.

Vanquished Creatures
  A troll (D:6)
  Grinder (D:4)
  Eustachio (D:4)
  Menkaure (D:5)
  Edmund (D:4)
  Duvessa (D:5)
  An ice beast (D:5)
  3 ogres
  Blork the orc (D:5)
  2 wyvern skeletons (D:6)
  Dowan (D:5)
  2 scorpions (D:6)
  6 killer bees (D:6)
  A howler monkey (D:5)
  A crimson imp (D:5)
  A giant frog zombie (D:6)
  2 hounds
  A gnoll shaman (D:6)
  4 orc priests
  A jelly (D:6)
  3 orc wizards
  Crazy Yiuf (D:5)
  An iguana (D:4)
  5 worker ants
  2 hound skeletons
  Robin (D:3)
  12 adders
  13 gnolls
  A howler monkey skeleton (D:4)
  A river rat (D:3)
  A shadow imp (D:5)
  3 oozes
  2 adder skeletons (D:4)
  A worm (D:3)
  A dart slug (D:2)
  3 giant geckos
  11 orcs
  4 ball pythons
  9 bats
  11 giant cockroaches
  20 goblins
  4 hobgoblins
  12 jackals
  9 kobolds
  3 quokkas
  A giant gecko skeleton (D:4)
  4 giant newts
  A jackal zombie (D:6)
  A quokka skeleton (D:5)
  10 rats
184 creatures vanquished.

Notes
Turn   | Place    | Note
-------+----------+-------------------------------------------
     0 | D:1      | mrath the Gargoyle Earth Elementalist began the quest for the Orb.
     0 | D:1      | Reached XP level 1. HP: 10/10 MP: 3/3
   216 | D:1      | Reached XP level 2. HP: 14/15 MP: 1/5
  1230 | D:2      | Reached XP level 3. HP: 19/19 MP: 0/7
  1321 | D:2      | Learned a level 3 spell: Stone Arrow
  1824 | D:2      | Reached skill level 1 in Conjurations
  1830 | D:2      | Reached XP level 4. HP: 24/24 MP: 2/8
  2973 | D:3      | Reached XP level 5. HP: 28/28 MP: 7/10
  3276 | D:3      | Noticed Robin
  3604 | D:3      | Found a glowing drain.
  3611 | D:3      | Reached skill level 5 in Earth Magic
  4280 | D:3      | Reached XP level 6. HP: 32/32 MP: 2/12
  4831 | D:3      | Killed Robin
  5112 | D:4      | Noticed Edmund
  5731 | D:4      | Noticed Eustachio
  6152 | D:4      | Killed Eustachio
  6152 | D:4      | Reached skill level 5 in Spellcasting
  6152 | D:4      | Reached XP level 7. HP: 36/36 MP: 9/14
  6290 | D:4      | Found a staircase to the Ecumenical Temple.
  6293 | Temple   | Entered the Ecumenical Temple
  6298 | Temple   | Became a worshipper of Vehumet
  6458 | D:4      | Noticed Grinder
  6468 | D:4      | Killed Grinder
  6840 | D:4      | Reached XP level 8. HP: 25/41 MP: 2/17
  7643 | D:5      | Entered Level 5 of the Dungeon
  7649 | D:5      | Learned a level 4 spell: Petrify
  7650 | D:5      | Noticed Duvessa
  7650 | D:5      | Noticed Dowan
  7756 | D:5      | Killed Dowan
  7855 | D:5      | Killed Duvessa
  8156 | D:5      | Noticed Menkaure
  8240 | D:4      | Killed Edmund
  8571 | D:5      | Reached skill level 5 in Conjurations
  8574 | D:5      | Killed Menkaure
  8880 | D:5      | Found a runed door.
  8884 | D:5      | Noticed Crazy Yiuf
  8889 | D:5      | Killed Crazy Yiuf
  8889 | D:5      | Reached * piety under Vehumet
  8889 | D:5      | Offered knowledge of Magic Dart by Vehumet.
  9306 | D:5      | Noticed Blork the orc
  9619 | D:5      | Reached XP level 9. HP: 44/45 MP: 16/20
  9626 | D:5      | Killed Blork the orc
  9718 | D:5      | Learned a level 5 spell: Lee's Rapid Deconstruction
  9720 | D:5      | Learned a level 1 spell: Magic Dart
 10010 | D:6      | Reached skill level 1 in Fighting
 10245 | D:6      | Reached skill level 1 in Maces & Flails
 10497 | D:6      | Reached skill level 1 in Evocations
 10566 | D:6      | Reached skill level 1 in Armour
 11047 | D:5      | Reached ** piety under Vehumet
 11049 | D:5      | Offered knowledge of Throw Flame by Vehumet.
 11141 | D:5      | Learned a level 2 spell: Throw Flame
 11469 | D:6      | Noticed a troll
 11477 | D:6      | Killed a troll
 11543 | D:6      | Noticed a red ugly thing
 11663 | D:6      | HP: 2/48 [red ugly thing (18)]
 11664 | D:6      | Mangled by a red ugly thing

Vault maps used:
D:1:      tarquinn_simple_flora_water_b, minmay_box_of_dots
D:3:      portal_sewer_entry_e, uniq_robin
D:4:      first_bread, kennysheep_generic_room_6, uniq_grinder, uniq_eustachio,
          uniq_edmund
D:5:      minmay_door_square, uniq_crazy_yiuf_cottage, uniq_duvessa,
          uniq_blork_the_orc, uniq_menkaure
D:6:      st_stairs_6, kb_rosetta
Temple:   nicolae_temple_the_god_donut

Skill      XL: |  1  2  3  4  5  6  7  8  9 |
---------------+----------------------------+-----
Spellcasting   | 3 4 5 6 7 8 |  8.2
Earth Magic    | 4 5 6 7 8 |  8.3
Conjurations   | 1 2 3 4 5 |  5.9
Fighting       | 2 |  2.2
Maces & Flails | 1 |  1.5
Dodging        | 2 |  2.5
Evocations     | 1 |  1.6
Armour         | 1 |  1.9
Stealth        | |  2.1
Transmutations | |  0.7
Fire Magic     | |  0.6

Action                   |  1- 3 |  4- 6 |  7- 9 || total
-------------------------+-------+-------+-------++-------
Melee: Dagger            |     9 |       |       ||     9
       Unarmed           |     9 |       |       ||     9
       Whip              |    23 |    76 |     5 ||   104
       Short sword       |       |       |    39 ||    39
       Dire flail        |       |       |    47 ||    47
Throw: Stone             |       |       |     2 ||     2
       Tomahawk          |       |       |     2 ||     2
 Cast: Sandblast         |    56 |   121 |    40 ||   217
       Stone Arrow       |       |    35 |   119 ||   154
       Lee's Rapid Decon |       |       |     4 ||     4
Evoke: Wand              |       |     3 |       ||     3
 Stab: Sleeping          |     1 |       |     1 ||     2
  Eat: Chunk             |     3 |    13 |    17 ||    33
       Fruit             |       |     2 |     1 ||     3
       Beef jerky        |       |     1 |     1 ||     2
Armor: Robe              |    24 |    86 |    63 ||   173
Dodge: Dodged            |    46 |   137 |    95 ||   278
